 Dungeon Crawl Stone Soup version 0.22.1-5-g62c59d919a (webtiles) character file.

324 Peloso the Slasher (level 6, -7/53 HPs)
             Began as a Minotaur Fighter on Jan 12, 2019.
             Was a Follower of Okawaru.
             Killed by divine providence
             ... invoked by an orc priest
              (12 damage)
             ... on level 4 of the Dungeon.
             The game lasted 00:05:22 (2403 turns).

Peloso the Slasher (Minotaur Fighter)               Turns: 2403, Time: 00:05:22

Health: -7/53      AC: 12    Str: 23 (26) XL:     6   Next: 23%
Magic:  5/5        EV:  6    Int:  4 (5)  God:    Okawaru [*.....]
Gold:   162        SH: 10    Dex:  8 (11) Spells: 5/5 levels left

rFire    . . .     SeeInvis .   a - +0 long sword
rCold    . . .     Gourm    .   c - +0 shield
rNeg     . . .     Faith    .   k - +0 chain mail
rPois    .         Spirit   .   (helmet restricted)
rElec    .         Reflect  .   m - +0 cloak
rCorr    .         Harm     .   (no gloves)
MR       .....                  q - +0 pair of boots
Stlth    ..........             (no amulet)
HPRegen  0.17/turn              (no ring)
MPRegen  0.09/turn              (no ring)

@: mighty
A: retaliatory headbutt, horns 2
a: Heroism, Renounce Religion


You were on level 4 of the Dungeon.
You worshipped Okawaru.
Okawaru was aware of your devotion.
You were very hungry.

You visited 2 branches of the dungeon, and saw 5 of its levels.

You collected 162 gold pieces.

Inventory:

Hand Weapons
 a - a +0 long sword (weapon)
Armour
 b - a +0 scale mail
 c - a +0 shield (worn)
 k - a +0 chain mail (worn)
 m - a +0 cloak (worn)
 q - a +0 pair of boots (worn)
Jewellery
 x - an uncursed ring of wizardry {unknown}
Wands
 u - a wand of scattershot (5)
 v - a wand of paralysis (8)
Scrolls
 e - 3 scrolls of remove curse
 g - 4 scrolls of teleportation
 h - a scroll of blinking {unknown}
 j - a scroll of amnesia {unknown}
 o - a scroll of noise {unknown}
 p - 2 scrolls of enchant weapon {unknown}
 r - a scroll of identify
 s - 2 scrolls of immolation {unknown}
 y - a scroll of magic mapping
Potions
 d - a potion of might
 i - a potion of invisibility
 l - a potion of degeneration
 n - a potion of brilliance {unknown}
 t - a potion of curing
 w - a potion of haste {unknown}
 z - a potion of berserk rage {unknown}
Comestibles
 f - 4 rations


   Skills:
 + Level 4.5 Fighting
 + Level 5.4 Long Blades
 + Level 4.6 Armour
 + Level 1.4 Dodging
 + Level 5.2 Shields


You had 5 spell levels left.
You didn't know any spells.
Your spell library was empty.

Dungeon Overview and Level Annotations

Branches:
Dungeon (4/15)             Temple (1/1) D:4

Altars:
Cheibriados
Fedhas
Gozag
Hepliaklqana
Makhleb
Okawaru
Qazlal
Vehumet
Wu Jian
Xom


Innate Abilities, Weirdness & Mutations

You reflexively headbutt those who attack you in melee.
You have a pair of horns on your head.


Message History

You feel agile.
A giant cockroach comes into view.
It was a potion of degeneration.
There was something very wrong with that liquid.
You feel weakened.
You feel dopey.
You feel clumsy. The orc barely misses you. You furiously retaliate!
You headbutt the orc.
You riposte.
You closely miss the orc. Your headbutt misses the orc.
The orc is almost dead.
It was a potion of curing.
You feel better. The orc hits you but does no damage.
You hit the orc.
You kill the orc!
Okawaru accepts your kill.
The orc priest calls down the wrath of Beogh upon you.
Beogh smites you!
* * * LOW HITPOINT WARNING * * *
Unknown command.
The orc priest calls down the wrath of Beogh upon you.
Beogh smites you!
You die...

##.##...###.###.####
............# .#
#####...##### .
###.# #.# ##.# #..#
#.## #@# #o# .s.
#.... #..... #####..
.). ...


You could see an orc priest and a giant cockroach.

Vanquished Creatures
  An orc warrior (D:4)
  2 bullfrog skeletons (D:4)
  A worker ant (D:4)
  7 adders
  2 oozes
  2 dart slugs
  4 orcs
  9 bats
  4 giant cockroaches
  14 goblins
  8 hobgoblins
  8 kobolds
  3 quokkas
  2 frilled lizards
  9 rats
76 creatures vanquished.

Notes
Turn   | Place    | Note
-------+----------+-------------------------------------------
     0 | D:1      | Peloso the Minotaur Fighter began the quest for the Orb.
     0 | D:1      | Reached XP level 1. HP: 19/19 MP: 0/0
    71 | D:1      | Reached XP level 2. HP: 27/27 MP: 1/1
   265 | D:1      | Reached XP level 3. HP: 33/33 MP: 2/2
  1077 | D:2      | Reached skill level 1 in Dodging
  1112 | D:2      | Reached XP level 4. HP: 40/40 MP: 3/3
  2033 | D:3      | Found a burning altar of Makhleb.
  2038 | D:3      | Found an opulent altar of Gozag.
  2039 | D:3      | Found a stormy altar of Qazlal.
  2039 | D:3      | Found a snail-covered altar of Cheibriados.
  2039 | D:3      | Found a hazy altar of Hepliaklqana.
  2043 | D:3      | Found an ornate altar of the Wu Jian Council.
  2240 | D:4      | Reached XP level 5. HP: 46/46 MP: 4/4
  2251 | D:4      | Found a staircase to the Ecumenical Temple.
  2260 | Temple   | Entered the Ecumenical Temple
  2273 | Temple   | Became a worshipper of Warmaster Okawaru
  2364 | D:4      | Reached skill level 5 in Long Blades
  2364 | D:4      | Reached skill level 5 in Shields
  2384 | D:4      | Noticed an orc warrior
  2399 | D:4      | Killed an orc warrior
  2399 | D:4      | Reached * piety under Okawaru
  2399 | D:4      | Reached XP level 6. HP: 6/53 MP: 5/5
  2403 | D:4      | Killed from afar by an orc priest

Skill      XL: |  1  2  3  4  5 |
---------------+----------------+-----
Fighting       | 4 |  4.5
Armour         | 4 |  4.6
Shields        | 4 5 |  5.2
Long Blades    | 3 4 5 |  5.4
Dodging        | 1 |  1.4

Action                   |  1- 3 |  4- 6 || total
-------------------------+-------+-------++-------
Melee: Long sword        |    95 |    82 ||   177
       Headbutt          |     7 |    18 ||    25
  Use: Scroll            |     1 |     3 ||     4
       Potion            |       |     3 ||     3
  Eat: Chunk             |       |     4 ||     4
Armor: Scale mail        |    15 |       ||    15
       Chain mail        |    50 |    45 ||    95
Dodge: Dodged            |    28 |    21 ||    49
Block: Shield            |    62 |    41 ||   103
       Rpst.: Long sword |     2 |     9 ||    11
